 Dungeon Crawl Stone Soup version 0.27-a0-1144-g0b7d3b79db (webtiles) character file.

Game seed: 12047700310792915289

4 Likado the Insei (level 1, -2/17 HPs)
             Began as a Djinni Transmuter on May 10, 2021.
             Frozen to death by an endoplasm (7 damage)
             ... on level 1 of the Dungeon.
             The game lasted 00:00:32 (240 turns).

Likado the Insei (Djinni Transmuter)                 Turns: 240, Time: 00:00:32

Health: -2/17      AC:  2    Str:  9    XL:     1   Next: 60%
Gold:   13         EV: 12    Int: 14    God:
                   SH:  0    Dex: 13

rFire    + + .     SeeInvis .     - Unarmed
rCold    x . .     Faith    .   (no shield)
rNeg     . . .     Spirit   .   a - +0 robe
rPois    ∞         Reflect  .   (no helmet)
rElec    .         Harm     .   (no cloak)
rCorr    .         Rampage  .   (no gloves)
Will     .....                  (boots unavailable)
Stlth    +.........             (no amulet)
HPRegen  0.05/turn              (no ring)
MPRegen  0.00/turn              (no ring)

@: flying, very slightly contaminated
A: sickness immunity, fire resistance 2, cold vulnerability 1, float, innate
caster, hp casting, extra vitality 1
a: no special abilities


You were on level 1 of the Dungeon.
You visited 1 branch of the dungeon, and saw 1 of its levels.

You collected 13 gold pieces.

Inventory:

Armour
 a - a +0 robe (worn)


   Skills:
 + Level 1.1 Fighting
 + Level 2.3 Dodging
 + Level 3.0 Unarmed Combat
 + Level 1.8 Spellcasting


You couldn't memorise any spells.
You knew the following spells:

 Your Spells              Type           Power      Damage    Failure   Level
a - Beastly Appendage     Tmut           12%        N/A       11%         1
b - Wereblood             Tmut           6%         N/A       17%         2
c - Spider Form           Tmut/Pois      3%         N/A       32%         3
d - Ice Form              Ice/Tmut       6%         N/A       73%         4
e - Hydra Form            Tmut           3%         N/A       97%         5
Your spell library was empty.

Dungeon Overview and Level Annotations

Branches:
Dungeon (1/15)

Altars:


Innate Abilities, Weirdness & Mutations

You are immune to sickness and miasma.
You are immune to poison.
Your flesh is very heat resistant. (rF++)
You are vulnerable to cold. (rC-)
You float through the air rather than walking.
You learn spells naturally, not from books.
Your magical power is your life essence.
You have superior vitality. (+4 HP)


Message History

Options error: Bad object type '%}\|' for autopickup. (~/.crawlrc:8106) Welcome, Likado the Djinni Transmuter.
Will you prevail where others failed? Will you find the Orb of Zot?
Found a staircase leading out of the dungeon.
You begin with the following spells memorised: Beastly Appendage, Wereblood, Spider Form, Ice Form, Hydra Form.
Unknown command.
Unknown command.
Unknown command.
Unknown command.
Unknown command.
Unknown command.
You now have 13 gold pieces.
You reach down and open the door.
There is an open door here.
A ball python comes into view.
The ball python hisses angrily.
A ball python is nearby!
A ball python is nearby!
A ball python is nearby!
You grow a pair of large bovine horns.
The ball python bites you. The ball python grabs you.
The ball python constricts you.
You take 3 damage, and have 14/17 hp.
You barely miss the ball python. The ball python closely misses you.
The ball python constricts you.
You hit the ball python. The ball python barely misses you.
The ball python constricts you.
You take 1 damage, and have 13/17 hp.
Unknown command.
You hit the ball python.
You kill the ball python!
No target in view!
Unknown command.
No target in view!
No target in view!
You start resting.
Your horns disappear.
A bat comes into view.
Found 8 gold pieces.
Found an escape hatch in the floor.
Health restored: 17 A bat is nearby!
A bat is nearby!
A bat is nearby!
You grow a pair of large bovine horns.
Your transformation is almost over.
You take 1 damage, and have 16/17 hp.
The bat hits you.
You take 1 damage, and have 15/17 hp.
You miscast Beastly Appendage.
You are very lightly contaminated with residual magic.
Nothing appears to happen.
The bat hits you but does no damage.
You take 1 damage, and have 14/17 hp.
You hit the bat. The bat hits you but does no damage. x2
You closely miss the bat. You headbutt the bat.
You kill the bat!
Unknown command.
Unknown command.
No target in view!
No target in view!
Unknown command.
You start resting.
Your magical contamination has completely faded away.
Unknown command.
Your horns disappear.
A ball python and 2 endoplasms come into view.
The endoplasm quivers. x2
You see here 8 gold pieces.
Health restored: 17
There are monsters nearby!
There are monsters nearby!
There are monsters nearby!
The endoplasm freezes you.
You are frozen!
You feel a terrible chill!
There is an escape hatch in the floor here.
You take 7 damage, and have 10/17 hp.
MASSIVE DAMAGE!!
You grow a pair of large bovine horns.
The endoplasm hits you.
You take 3 damage, and have 8/17 hp.
You hit the endoplasm. The endoplasm freezes you.
You are frozen.
You feel a terrible chill!
* * * LOW HITPOINT WARNING * * *
You take 4 damage, and have 4/17 hp.
MASSIVE DAMAGE!!
You hit the endoplasm.
You kill the endoplasm!
Unknown command.
There is an open door here.
Your transformation is almost over.
Your horns disappear.
You miscast Beastly Appendage.
You are very lightly contaminated with residual magic.
Nothing appears to happen.
* * * LOW HITPOINT WARNING * * *
The endoplasm freezes you.
You are frozen!
You feel a terrible chill!
You die...

##### #####
...###...###...#
.......@J....<.#
...###...###...#
##### ##### ##.##
#...###...###...#
#...............#
#...###...###...#
##.## ##### #####
#...###...###...#
#...............#


You could see an endoplasm.

Vanquished Creatures
  A ball python (D:1)
  A bat (D:1)
  An endoplasm (D:1)
3 creatures vanquished.

Notes
Turn   | Place    | Note
-------+----------+-------------------------------------------
     0 | D:1      | Likado the Djinni Transmuter began the quest for the Orb.
     0 | D:1      | Reached XP level 1. HP: 17/17 MP: 0/0
   206 | D:1      | HP: 4/17 [frozen (4)]
   240 | D:1      | Frozen to death by an endoplasm

Illustrated notes

Levels and vault maps discovered:
D:1:      minmay_arrival_nine_rooms, layout_loops_ring,
          hellmonk_ecumenical_altar_blasted

Action                   || total
-------------------------++-------
Melee: Unarmed           ||     7
       Headbutt          ||     1
 Cast: Beastly Appendage ||     3
Armor: Robe              ||     3
Dodge: Dodged            ||     2

Table legend: (Time is in decaauts)
 A = Elapsed time spent in this place.
 B = Non-inter-level travel time spent in this place.
 C = Inter-level travel time spent in this place.
 D = Time resting spent in this place.
 E = Time spent auto-exploring this place.
 F = Levels seen in this place.
 G = Mean time per level.
                   A        B        C        D        E       F      G
               +--------+--------+--------+--------+--------+-----+--------+
         Total |    239 |    239 |      0 |     11 |    164 |   1 |  239.0 |
       Dungeon |    239 |    239 |      0 |     11 |    164 |   1 |  239.0 |
               +--------+--------+--------+--------+--------+-----+--------+

Top non-repeatable levels by time:
     D:1: 239 daAuts

Table legend:
 A = Kills in this place as a percentage of kills in entire the game.
 B = Kills by you in this place as a percentage of kills by you in the entire game.
 C = Kills by friends in this place as a percentage of kills by friends in the entire game.
 D = Other kills in this place as a percentage of other kills in the entire game.
 E = Experience gained in this place as a percentage of experience gained in the entire game.
 F = Experience gained in this place divided by the number of levels of this place that you have seen.
                   A       B       C       D       E      F
               +-------+-------+-------+-------+-------+----------------------
         Total | 100.0 | 100.0 |   N/A |   N/A | 100.0 |   6.0
       Dungeon | 100.0 | 100.0 |   N/A |   N/A | 100.0 |   6.0
               +-------+-------+-------+-------+-------+----------------------
